 Dungeon Crawl Stone Soup version 0.29-a0-1019-g84f7d21 (webtiles) character file.

Game seed: 4370757218095971125

25937 Illumine the Grappler (level 12, -3/118 HPs)
             Began as a Troll Cinder Acolyte on Aug 9, 2022.
             Was a High Priest of Ignis.
             Slain by a two-headed hydra (8 damage)
             ... on level 2 of the Lair of Beasts on Aug 10, 2022.
             The game lasted 00:25:55 (10469 turns).

Illumine the Grappler (Troll Cinder Acolyte)       Turns: 10469, Time: 00:25:55

Health: -3/118     AC:  9    Str: 27    XL:     12   Next: 93%
Magic:  17/17      EV:  9    Int: 12    God:    Ignis [*****.]
Gold:   360        SH:  9    Dex:  5    Spells: 4/20 levels left

rFire   + + +      SeeInvis .   a - +0 falchion (flame)
rCold   + + +      Faith    .   z - +2 shield of Resistance {rF++ rC++ Will++}
rNeg    . . .      Spirit   .   I - +0 robe {rC+ rF+}
rPois   .          Reflect  .   (helmet restricted)
rElec   .          Harm     .   q - +0 cloak
rCorr   .          Rampage  .   (gloves unavailable)
Will    ++...                   (boots unavailable)
Stlth   +.........              H - amulet of regeneration
HPRegen 1.89/turn               d - ring of wizardry
MPRegen 0.15/turn               y - +4 ring of protection

@: studying Short Blades
A: large, unfitting armour, claws 3, regeneration 1, shaggy fur 1, tough skin 1
a: Renounce Religion, Fiery Armour, Foxfire Swarm, Rising Flame


You were on level 2 of the Lair of Beasts.
You worshipped Ignis.
Ignis was extremely pleased with you.
You visited 2 branches of the dungeon, and saw 11 of its levels.
You also visited: Sewer, Bailey and Ice Cave.

You collected 888 gold pieces.
You spent 528 gold pieces at shops.

Inventory:

Hand Weapons
 a - a +0 falchion of flaming (weapon)
 O - the +3 falchion of Dithmenos, Smoking {vorpal, rPois Str+5}
   (You found it in a bailey)

   It inflicts extra damage upon your enemies.
   Str:       It affects your strength (+5).
   rPois:     It protects you from poison.
Missiles
 e - 11 boomerangs (quivered)
 v - 34 poisoned darts
 A - 11 datura-tipped darts
 N - 8 throwing nets
Armour
 h - an orb of light
 q - a +0 cloak (worn)
 z - the +2 shield of Resistance (worn) {rF++ rC++ Will++}
   (You acquired it on level 8 of the Dungeon)

   rF:        It greatly protects you from fire.
   rC:        It greatly protects you from cold.
   Will:      It greatly increases your willpower.
 I - a +0 robe of resistance (worn)
Jewellery
 d - a ring of wizardry (left claw)
 o - an amulet of the acrobat
 y - a +4 ring of protection (right claw)
 H - an amulet of regeneration (around neck)
 R - a ring of protection from cold
 T - a ring of protection from fire
Wands
 b - a wand of polymorph (7)
 D - a wand of iceblast (7)
 J - a wand of charming (13)
 Q - a wand of digging (7)
Scrolls
 i - 2 scrolls of poison
 j - 6 scrolls of fog
 k - 7 scrolls of teleportation
 r - 3 scrolls of fear
 s - a scroll of silence
 w - 3 scrolls of brand weapon
 x - 3 scrolls of enchant armour
 F - 2 scrolls of vulnerability
 M - a scroll of summoning
 P - a scroll of noise {unknown}
Potions
 c - 4 potions of heal wounds
 f - a potion of might
 g - 2 potions of brilliance
 l - a potion of attraction
 m - a potion of berserk rage {unknown}
 n - 4 potions of curing
 p - 2 potions of mutation
 t - 5 potions of flight
 u - a potion of magic {unknown}
 B - a potion of invisibility {unknown}
 C - 3 potions of ambrosia
 E - 3 potions of haste
 G - 4 potions of cancellation
 K - a potion of resistance {unknown}
 L - 3 potions of lignification


   Skills:
 - Level 7.0 Fighting
 - Level 2.4 Long Blades
 - Level 5.0 Throwing
 - Level 6.0 Dodging
 + Level 5.7 Shields
 - Level 12.0 Unarmed Combat
 + Level 4.6 Spellcasting
 + Level 5.2 Translocations
 + Level 4.1 Transmutations
 - Level 2.1 Fire Magic
 + Level 3.7 Air Magic


You had 4 spell levels left.
You knew the following spells:

 Your Spells              Type           Power      Damage    Failure   Level
a - Scorch                Fire           16%        2d5       11%         2
b - Manifold Assault      Tloc           15%        N/A       45%         5
c - Storm Form            Tmut/Air       6%         N/A       100%        7
d - Wereblood             Tmut           12%        N/A       4%          2

Your spell library contained the following spells:

 Spells                   Type           Power      Damage    Failure   Level
 Beastly Appendage        Tmut           24%        N/A       3%          1
 Blink                    Tloc           30%        N/A       3%          2
 Passwall                 Tmut/Erth      5%         N/A       12%         2
 Swiftness                Air            11%        N/A       12%         3
 Sandblast                Erth           4%         2d4       17%         1
 Slow                     Hex            8%         N/A       17%         1
 Summon Small Mammal      Summ           8%         N/A       17%         1
 Spider Form              Tmut/Pois      7%         N/A       22%         3
 Ensorcelled Hibernation  Hex/Ice        4%         N/A       26%         2
 Confusing Touch          Hex            2%         N/A       45%         3
 Stone Arrow              Conj/Erth      4%         3d7       45%         3
 Vampiric Draining        Necr           2%         2d6       45%         3
 Animate Armour           Summ/Erth      4%         N/A       85%         4
 Blade Hands              Tmut           6%         N/A       63%         5
 Freezing Cloud           Conj/Ice/Air   2%         6-21      95%         5
 Iron Shot                Conj/Erth      1%         9d1       100%        6
 Simulacrum               Ice/Necr       1%         N/A       100%        6
 Malign Gateway           Summ/Tloc      4%         N/A       100%        7
 Summon Horrible Things   Summ           1%         N/A       100%        8
 Polar Vortex             Ice            1%         N/A       100%        9


Dungeon Overview and Level Annotations

Branches:
Dungeon (9/15)             Temple (0/1) D:6            Lair (2/5) D:8
    Orc (0/2) D:9           Sewer (visited)          Bailey (visited)
  IceCv (visited)
  Swamp: Lair:2-3    Shoals: Lair:2-3     Snake: Lair:2-3    Spider: Lair:2-3

Altars:
Fedhas
Gozag
Hepliaklqana
Kikubaaqudgha
Makhleb
Nemelex Xobeh
Ru
Uskayaw
Vehumet
Yredelemnul
Zin

Shops:
D:5 :   D:7 ?   D:8 ?

Annotations:
Lair:1 Amaemon


Innate Abilities, Weirdness & Mutations

You are too large for most types of armour.
You have claws for hands.
Your natural rate of healing is unusually fast.
You are covered in fur. (AC +1)
You have tough skin. (AC +1)


Message History

The four-headed hydra bites you but does no damage. x2
The four-headed hydra bites you! The four-headed hydra bites you.
You chop one of the four-headed hydra's heads off!
The flame cauterises the wound!
You hit the three-headed hydra. You burn the three-headed hydra.
The three-headed hydra is moderately wounded.
The three-headed hydra barely misses you.
The three-headed hydra bites you but does no damage.
You block the three-headed hydra's attack.
You hit the three-headed hydra but do no damage.
The three-headed hydra is moderately wounded.
The three-headed hydra bites you! x3
Unknown command.
You barely miss the three-headed hydra.
The three-headed hydra is lightly wounded.
The three-headed hydra bites you! x2
The three-headed hydra bites you but does no damage.
The three-headed hydra barely misses you.
The three-headed hydra bites you but does no damage. x2
Unknown command.
You hack one of the three-headed hydra's heads off!
The flame cauterises the wound!
You slash the two-headed hydra! You burn the two-headed hydra.
The two-headed hydra is moderately wounded.
The two-headed hydra bites you. x2
Unknown command.
You hit the two-headed hydra. You burn the two-headed hydra.
The two-headed hydra is moderately wounded.
The two-headed hydra bites you!
* * * LOW HITPOINT WARNING * * *
The two-headed hydra barely misses you.
Unknown command.
You barely miss the two-headed hydra.
The two-headed hydra is moderately wounded.
The two-headed hydra bites you!
* * * LOW HITPOINT WARNING * * *
The two-headed hydra bites you!
* * * LOW HITPOINT WARNING * * *
The two-headed hydra bites you!
You die...

### #### . .## ##..# #..D###
### ......# #### ###.## ###
......#
P#.#######..#.#####.###......#
................@DF...'......#
....#.#P#..###..###.###.......
############ #### ### #P..#..
###.# #


You could see a two-headed hydra and a cane toad.

Vanquished Creatures
  A frost giant (IceCv)
  A hydra (Lair:2)
  6 death yaks (IceCv)
  Pikel (D:5)
  An ugly thing (IceCv)
  3 cane toads (Lair:1)
  An ice statue (IceCv)
  9 rime drakes
  An unseen horror (D:7)
  Psyche (D:8)
  2 komodo dragons (Lair:1)
  Maggie (D:6)
  A troll (D:8)
  5 polar bears
  5 blink frogs (Lair:2)
  Prince Ribbit (D:6)
  Sigmund (D:3)
  38 yaks
  2 basilisks (Lair:1)
  3 humans (D:8)
  Grum (D:8)
  3 steam dragons
  Duvessa (D:6)
  3 water moccasins
  4 orc warriors
  A sky beast (D:8)
  2 black bears (D:6)
  An ice beast (D:7)
  3 centaurs
  An ogre (D:6)
  14 wolves
  4 lemures
  6 phantoms
  A kobold brigand (D:8)
  A necrophage (D:8)
  7 bullfrogs
  9 gnoll sergeants
  2 scorpions
  2 water moccasin zombies (D:4)
  Dowan (D:6)
  4 killer bees (D:9)
  4 electric eels (D:8)
  A jelly (D:6)
  12 hounds
  7 orc priests
  Crazy Yiuf (D:2)
  5 gnoll boudas (Bailey)
  8 orc wizards
  A merfolk siren (Sewer)
  A merfolk avatar (Sewer)
  A scorpion zombie (D:4)
  4 hound zombies (D:4)
  A hound skeleton (D:4)
  16 gnolls
  10 adders
  2 river rats (Sewer)
  A white imp (D:5)
  An adder skeleton (D:4)
  An adder zombie (D:4)
  2 worms
  35 orcs
  A bat zombie (D:3)
  10 endoplasms
  5 giant cockroaches
  10 goblins
  7 hobgoblins
  9 jackals
  2 quokkas
  8 ball pythons
  2 bats
  10 frilled lizards
  7 kobolds
  25 rats (Sewer)
  A rat zombie (D:3)
366 creatures vanquished.

Vanquished Creatures (others)
  An orc (D:6)
  2 kobolds (D:8)
  9 foxfires (Sewer)
  5 plants
  A withered plant (D:4)
18 creatures vanquished.

Grand Total: 384 creatures vanquished

Notes
Turn   | Place    | Note
-------+----------+-------------------------------------------
     0 | D:1      | Illumine the Troll Cinder Acolyte began the quest for the
                  | Orb.
     0 | D:1      | Reached XP level 1. HP: 22/22 MP: 1/1
   112 | D:1      | Reached skill level 1 in Unarmed Combat
   203 | D:1      | Reached XP level 2. HP: 26/29 MP: 2/2
   254 | D:1      | Reached skill level 2 in Unarmed Combat
   372 | D:1      | Found a faded altar of an unknown god.
   403 | D:1      | Got Plato's Vademecum on Illusion
   822 | D:2      | Reached XP level 3. HP: 36/36 MP: 3/3
   963 | D:2      | Found a runed translucent door.
   964 | D:2      | Noticed Crazy Yiuf
  1064 | D:2      | Reached skill level 3 in Unarmed Combat
  1067 | D:2      | Reached skill level 1 in Throwing
  1481 | D:2      | Killed Crazy Yiuf
  1482 | D:2      | Reached XP level 4. HP: 10/44 MP: 4/4
  1741 | D:3      | Reached skill level 4 in Unarmed Combat
  1790 | D:3      | Found a hazy altar of Hepliaklqana.
  1830 | D:3      | Found a glowing drain.
  1835 | D:3      | Reached XP level 5. HP: 47/50 MP: 5/5
  1844 | Sewer    | Entered a sewer
  2033 | Sewer    | Learned a level 2 spell: Scorch
  2365 | D:3      | Reached skill level 5 in Unarmed Combat
  2365 | D:3      | Reached XP level 6. HP: 54/59 MP: 6/6
  2402 | D:3      | Noticed Sigmund
  2430 | D:3      | Killed Sigmund
  2642 | D:3      | Found an ancient bone altar of Kikubaaqudgha.
  2695 | D:3      | Upgraded the game from 0.29-a0-1016-g236c7fd to
                  | 0.29-a0-1019-g84f7d21
  2736 | D:4      | Reached skill level 6 in Unarmed Combat
  2746 | D:4      | Reached XP level 7. HP: 66/66 MP: 7/7
  2834 | D:4      | Reached skill level 7 in Unarmed Combat
  2906 | D:4      | Found a basalt altar of Yredelemnul.
  2915 | D:4      | Found a sacrificial altar of Ru.
  2978 | D:4      | Reached XP level 8. HP: 74/74 MP: 8/8
  3281 | D:5      | Entered Level 5 of the Dungeon
  3358 | D:5      | Noticed Pikel
  3517 | D:5      | Reached skill level 8 in Unarmed Combat
  3674 | D:5      | Reached skill level 1 in Dodging
  3696 | D:5      | Found a radiant altar of Vehumet.
  3918 | D:5      | Found Louceeq's Book Emporium.
  4012 | D:5      | Killed Pikel
  4013 | D:5      | Reached skill level 5 in Throwing
  4173 | D:6      | Found a glowing silver altar of Zin.
  4205 | D:6      | Reached skill level 9 in Unarmed Combat
  4231 | D:6      | Reached XP level 9. HP: 83/83 MP: 9/9
  4408 | D:6      | Noticed Dowan
  4409 | D:6      | Noticed Duvessa
  4412 | D:6      | Noticed Maggie
  4422 | D:6      | Killed Duvessa
  4531 | D:6      | Found a blossoming altar of Fedhas.
  4552 | D:6      | Noticed Prince Ribbit
  4557 | D:6      | Killed Prince Ribbit
  4579 | D:6      | Found a staircase to the Ecumenical Temple.
  4768 | D:6      | Reached skill level 10 in Unarmed Combat
  4853 | D:7      | Found Xoich's Magic Scroll Boutique.
  4856 | D:7      | Bought a scroll of identify for 30 gold pieces
  4856 | D:7      | Bought a scroll of identify for 30 gold pieces
  5109 | D:7      | Reached skill level 5 in Fighting
  5189 | D:7      | Noticed an unseen horror
  5201 | D:7      | Killed an unseen horror
  5344 | D:6      | Killed Dowan
  5345 | D:6      | Reached XP level 10. HP: 82/96 MP: 10/10
  5373 | D:6      | Killed Maggie
  5397 | D:5      | Bought an Inescapable Atlas for 442 gold pieces
  5424 | D:6      | Learned a level 5 spell: Manifold Assault
  5558 | D:7      | Found a burning altar of Makhleb.
  5831 | D:8      | Noticed Psyche
  5835 | D:8      | Killed Psyche
  5900 | D:8      | Reached skill level 5 in Dodging
  5906 | D:8      | Reached skill level 1 in Translocations
  6078 | D:8      | Noticed Grum
  6092 | D:8      | Killed Grum
  6097 | D:8      | Reached skill level 11 in Unarmed Combat
  6111 | D:8      | Found Kaep Piz's Magic Scroll Shop.
  6119 | D:8      | Bought a scroll of identify for 26 gold pieces
  6274 | D:8      | Found a staircase to the Lair.
  6282 | D:8      | Identified a scroll of acquirement
  6294 | D:8      | Acquired the +2 shield of Resistance {rF++ rC++ Will++}
  6294 | D:8      | Found the +2 shield of Resistance {rF++ rC++ Will++}
  6483 | D:8      | Found a sparkling altar of Nemelex Xobeh.
  6483 | D:8      | Found a transporter.
  6483 | D:8      | Noticed a wizard
  6484 | D:8      | Noticed a cyclops
  6629 | D:8      | Reached skill level 1 in Shields
  6771 | D:9      | Found a hide-covered altar of Uskayaw.
  6906 | D:9      | Reached XP level 11. HP: 105/105 MP: 13/13
  7013 | D:9      | Found an opulent altar of Gozag.
  7132 | D:9      | Found a flagged portal.
  7138 | Bailey   | Entered a bailey
  7550 | Bailey   | Learned a level 7 spell: Storm Form
  7664 | Bailey   | Identified the +3 falchion of Dithmenos, Smoking {vorpal,
                  | rPois Str+5}
  8158 | D:9      | Found a staircase to the Orcish Mines.
  8360 | Lair:1   | Entered Level 1 of the Lair of Beasts
  8443 | D:8      | Reached skill level 1 in Transmutations
  8455 | D:8      | Reached skill level 1 in Air Magic
  8514 | Lair:1   | Found a frozen archway.
  8556 | IceCv    | Entered an ice cave
  8642 | IceCv    | Noticed a death yak
  8668 | IceCv    | Killed a death yak
  8758 | IceCv    | Noticed a white ugly thing
  8779 | IceCv    | Killed a white ugly thing
  8827 | IceCv    | Noticed a death yak
  8837 | IceCv    | Noticed a death yak
  8841 | IceCv    | Killed a death yak
  8842 | IceCv    | Reached XP level 12. HP: 98/118 MP: 16/16
  8853 | IceCv    | Killed a death yak
  8854 | IceCv    | Reached skill level 12 in Unarmed Combat
  9032 | IceCv    | Noticed a death yak
  9062 | IceCv    | Killed a death yak
  9108 | IceCv    | Noticed a death yak
  9148 | IceCv    | Killed a death yak
  9276 | IceCv    | Noticed a frost giant
  9276 | IceCv    | Noticed a death yak
  9345 | IceCv    | Killed a frost giant
  9346 | IceCv    | Reached skill level 5 in Shields
  9422 | IceCv    | Killed a death yak
  9704 | Lair:1   | Learned a level 2 spell: Wereblood
  9825 | Lair:1   | Reached skill level 5 in Translocations
 10143 | Lair:1   | Noticed Amaemon
 10399 | Lair:2   | Noticed a four-headed hydra
 10410 | Lair:2   | Killed a one-headed hydra
 10449 | Lair:2   | Noticed a six-headed hydra
 10469 | Lair:2   | HP: 5/118 [two-headed hydra (12)]
 10469 | Lair:2   | Slain by a two-headed hydra

Illustrated notes

Levels and vault maps discovered:
D:1:      nicolae_arrival_memento_mori, layout_loops_ring,
          shapermc_ecumenical_altar_rom_forum
D:2:      layout_loops_ring, amcnicky_mini_corridor_feature,
          uniq_crazy_yiuf_cottage
D:3:      layout_basic, lemuel_zombie_altar_kikubaaqudgha,
          nicolae_hepliaklqana_hazy_memory, portal_sewer_entry_d, uniq_sigmund
D:4:      layout_cave_pools, mainiacjoe_overflow_big_doors, serial_undead,
          serial_undead_a, serial_undead_f, serial_undead_c, serial_undead_e,
          serial_undead_e, serial_undead_d
D:5:      layout_cave_pods, nicolae_vehumet_altar_sigil, serial_shops,
          nicolae_shop_behind_doors, uniq_pikel
D:6:      layout_rooms, zin_statuary, kennysheep_mini,
          minmay_temple_entry_poolview, minmay_misc_feat_cross, uniq_duvessa,
          uniq_maggie, uniq_prince_ribbit1
D:7:      layout_loops_ring, makhleb_blood_cavern_becter, serial_shops,
          nicolae_stop_n_shop_2
D:8:      layout_cave_pools, grunt_nemelex_the_gamble, erik_lair_island,
          serial_shops, nicolae_diamond_shop, hangedman_decor_push,
          minmay_ruffians, uniq_psyche, uniq_grum
D:9:      layout_roguey, mainiacjoe_overflow_cross_hatched,
          grunt_gozag_breadcrumbs, hiddenorc1_lemuel, enter_bailey_3
Lair:1:   layout_chaotic_city, portal_ice_cave_rime, uniq_amaemon
Lair:2:   layout_roguey, swamp_mist

Skill      XL: |  1  2  3  4  5  6  7  8  9 10 11 12 |
---------------+-------------------------------------+-----
Unarmed Combat | 1 2 3 4 5 6 7 9 10 11 12 | 12.0
Throwing       | 1 2 3 4 5 |  5.0
Dodging        | 2 4 5 6 |  6.0
Fighting       | 3 5 6 7 |  7.0
Translocations | 2 3 5 |  5.2
Spellcasting   | 2 3 4 |  4.6
Shields        | 1 4 5 |  5.7
Transmutations | 2 4 |  4.1
Air Magic      | 2 3 |  3.7
Long Blades    | |  2.4
Fire Magic     | |  2.1

Action                   |  1- 3 |  4- 6 |  7- 9 | 10-12 || total
-------------------------+-------+-------+-------+-------++-------
Melee: Unarmed           |   114 |   169 |   252 |   751 ||  1286
       Punch             |     1 |       |       |       ||     1
       Falchion          |       |       |       |    14 ||    14
Throw: Boomerang         |       |       |       |    18 ||    18
       Dart              |       |       |       |     3 ||     3
 Cast: Scorch            |       |     3 |       |     1 ||     4
Invok: Foxfire Swarm     |       |     1 |       |       ||     1
       Fiery Armour      |       |       |       |     2 ||     2
Evoke: Wand              |       |       |       |     2 ||     2
  Use: Scroll            |       |       |    11 |    14 ||    25
       Potion            |       |       |     1 |     1 ||     2
Armor: Robe              |    36 |    64 |   109 |   244 ||   453
       Skin              |       |       |       |    30 ||    30
Dodge: Dodged            |    45 |    84 |   112 |   290 ||   531
Block: Kite shield       |       |       |       |   283 ||   283

Table legend: (Time is in decaauts)
 A = Elapsed time spent in this place.
 B = Non-inter-level travel time spent in this place.
 C = Inter-level travel time spent in this place.
 D = Time resting spent in this place.
 E = Time spent auto-exploring this place.
 F = Levels seen in this place.
 G = Mean time per level.
                   A        B        C        D        E       F      G
               +--------+--------+--------+--------+--------+-----+--------+
         Total |  10391 |   9810 |    581 |   1132 |   5456 |  14 |  742.2 |
       Dungeon |   7303 |   6739 |    564 |    467 |   4416 |   9 |  811.4 |
          Lair |    980 |    963 |     17 |    191 |    497 |   2 |  490.0 |
         Sewer |    360 |    360 |      0 |     79 |     47 |   1 |  360.0 |
        Bailey |    687 |    687 |      0 |    142 |    191 |   1 |  687.0 |
      Ice Cave |   1058 |   1058 |      0 |    253 |    304 |   1 | 1058.0 |
               +--------+--------+--------+--------+--------+-----+--------+

Top non-repeatable levels by time:
   IceCv: 1058 daAuts
     D:9: 967 daAuts
     D:5: 939 daAuts
     D:7: 895 daAuts
     D:8: 859 daAuts
     D:2: 809 daAuts
     D:1: 797 daAuts
     D:3: 771 daAuts
     D:6: 695 daAuts
  Bailey: 687 daAuts
  Lair:1: 669 daAuts
     D:4: 566 daAuts
   Sewer: 360 daAuts
  Lair:2: 311 daAuts
